 Dungeon Crawl Stone Soup version 0.14.0-24-gfb45beb (console) character file.

3738 Rage the Gouger (level 9, -4/37 HPs)
             Began as a Felid Berserker on Apr 23, 2014.
             Was an Elder of Trog.
             Slain by a shark (27 damage)
             ... on Level 10 of the Dungeon.
             The game lasted 00:20:16 (3648 turns).

Rage the Gouger (Felid Berserker)                   Turns: 3648, Time: 00:20:17

HP  -4/37        AC  2     Str 13      XL: 9   Next: 72%
MP  16/16        EV 29     Int 11      God: Trog [****..]
Gold 402         SH  0     Dex 18      Spells:  0 memorised,  8 levels left
Lives: 0, deaths: 2

rFire  . . .     SeeInvis +       - Unarmed
rCold  + . .     Clarity  .     (armour unavailable)
rNeg   . . .     Conserve .     (shield unavailable)
rPois  .         rCorr    .     (helmet unavailable)
rElec  .         rRot     .     (cloak unavailable)
SustAb . .       Spirit   .     (gloves unavailable)
rMut   .         Warding  .     (boots unavailable)
Saprov . . .     Stasis   .     (no amulet)
MR     +....                    q - ring of protection from cold {unknown}
                                f - +3 ring of intelligence

@: quick, somewhat resistant to hostile enchantments, fairly stealthy
A: paw claws, no armour, no weapons or thrown items, fangs 3, see invisible,
carnivore 3, deterioration 1, dopey 1, speed 1, high mp 1, shaggy fur 2, slow
metabolism 1, jump 2
a: Jump Attack, Burn Spellbooks, Berserk, Trog's Hand, Brothers in Arms,
Renounce Religion


You were on level 10 of the Dungeon.
You worshipped Trog.
Trog was greatly pleased with you.
You were not hungry.

You visited 1 branch of the dungeon, and saw 11 of its levels.
You also visited: Ossuary.

You collected 402 gold pieces.

Inventory:

Hand weapons
 e - a +1,+0 lajatang
 j - the cursed +3,+0 sling "Goblinslayer" {flame, rF+, unknown}
   (You found it on level 8 of the Dungeon)

   It turns projectiles fired from it into bolts of flame.
   It protects you from fire.
   It has a curse placed upon it.
Armour
 h - a +0 gold dragon armour
 m - the +1 robe of Creativity {rPois rF+ rC+, unknown}
   (You found it on level 9 of the Dungeon)

   It protects you from fire.
   It protects you from cold.
   It protects you from poison.
Magical devices
 k - a wand of slowing (6)
 r - a wand of fire (6)
 t - a wand of random effects (19)
 v - a wand of fire (4)
 w - a wand of cold (6)
 y - a wand of flame (9)
Comestibles
 s - 2 meat rations
 x - 4 honeycombs
 z - 3 royal jellies
Scrolls
 b - 3 scrolls of remove curse
 c - 4 scrolls of teleportation
 g - 2 scrolls of noise
 l - 3 scrolls of identify
 o - a scroll of blinking
 u - 3 scrolls of immolation
Jewellery
 f - a +3 ring of intelligence (left paw)
 q - a ring of protection from cold (right paw) {unknown}
Potions
 a - a potion of restore abilities
 d - 4 potions of curing
 p - 2 potions of might
Books
 i - a book of War Chants

   Spells                             Type                      Level
   Fire Brand                         Charms/Fire                  2
   Freezing Aura                      Charms/Ice                   2
   Shroud of Golubria                 Charms/Translocation         2
   Repel Missiles                     Charms/Air                   2
   Poison Weapon                      Charms/Poison                3
   Regeneration                       Charms/Necromancy            3
   Trog disapproves of the use of such an item.
 n - a book of the Warp

   Spells                             Type                      Level
   Control Teleport                   Charms/Translocation         4
   Phase Shift                        Translocation                5
   Warp Weapon                        Charms/Translocation         5
   Summon Forest                      Summoning/Translocation      5
   Dispersal                          Translocation                6
   Controlled Blink                   Translocation                7
   Disjunction                        Translocation                8
   Trog disapproves of the use of such an item.


   Skills:
 - Level 3.0 Fighting
 + Level 12.7 Dodging
 * Level 13.6 Unarmed Combat


You had 8 spell levels left.
You didn't know any spells.

Dungeon Overview and Level Annotations

Branches:
Dungeon (11/15)            Temple (0/1) D:4            Lair (0/8) D:10
    Orc: D:9-12

Altars:
Cheibriados
Elyvilon
Fedhas
Okawaru
Trog
Xom

Shops:
D:5 :   D:6 :   D:8 (


Innate Abilities, Weirdness & Mutations

You cannot wear armour.
You are incapable of wielding weapons or throwing items.
Your paws have sharp claws.
You have razor-sharp teeth.
You have supernaturally acute eyesight.
You are carnivorous and can eat meat at any time.
You cover ground quickly.
You are covered in thick fur (AC +2).
You have a slow metabolism.
You can jump attack at a medium distance.
Your body is slowly deteriorating.
You are dopey. (Int -2)
You have an increased reservoir of magic (+10% MP).


Message History

y - a wand of flame {zapped: 1} The electric eel is engulfed in a cloud of scalding steam.
You kill the electric eel!
Trog accepts your kill.
You claw the shark!
The shark begins to bleed from its wounds!
The shark is moderately wounded.
The shark goes into a frenzy at the smell of blood! x2
The shark closely misses you. x2
You scratch the shark but do no damage.
The shark is moderately wounded.
You scratch the shark but do no damage.
The shark is moderately wounded.
The shark completely misses you. The shark bites you!
You scratch the shark but do no damage. You claw the shark, but do no damage.
You bite the shark, but do no damage.
The shark is moderately wounded.
The shark bites you!
Ouch! That really hurt!
You die...

.≈##≈.# #.≈# #≈.#..######...
.≈##≈.########.≈# #≈.'.......+...
.≈≈≈≈.+......#.≈# #≈.#.#######...
......#..###.#.≈###≈.#.#######...
#######......'.≈≈≈≈≈.+.......+...
# #..###.#.......#..######... #
#..###>##..+####..#### #### #
........≈..............###### #
.{......≈..≈@...≈............
..≈≈{..≈≈≈≈≈;..≈....###[#####>
≈≈≈≈≈≈;≈≈≈≈≈≈§≈....# #.# #.
≈≈≈≈≈≈≈..≈≈≈;.....# #.# #.
≈≈≈...≈..≈≈§....# #.# ##.
≈≈≈≈...≈≈≈.≈≈≈.# ... ...
..>..≈≈≈§.......######
...≈≈≈≈§≈≈.#..## #... .≈≈≈≈......
+...


You could see 3 sharks.

Vanquished Creatures
  Joseph (D:7)
  A queen bee (D:10)
  A kobold demonologist (D:9)
  A troll (D:10)
  A two-headed ogre (D:8)
  9 yaks
  A deep elf mage (D:9)
  3 ugly things (D:9)
  A vampire mosquito (D:10)
  Edmund (D:5)
  2 wolves (D:10)
  4 ice beasts
  A tengu skeleton (D:8)
  A giant goldfish (D:10)
  An orc warrior (D:9)
  An ogre (D:6)
  A centaur (D:10)
  A phantom (D:6)
  2 big kobolds (D:9)
  A crocodile (D:10)
  A giant frog (D:10)
  2 water moccasin zombies (Ossuary)
  4 scorpions
  21 killer bees (D:10)
  2 electric eels (D:10)
  4 crimson imps
  A hippogriff skeleton (D:10)
  A troll skeleton (D:8)
  2 giant frog zombies
  8 hounds
  3 orc priests
  An iguana (D:10)
  A two-headed ogre skeleton (D:10)
  A kobold skeleton (D:9)
  3 orc wizards
  5 worker ants
  Ijyb (D:7)
  4 big kobold zombies (Ossuary)
  An ogre skeleton (D:10)
  2 mummies (Ossuary)
  A gnoll (D:8)
  7 adders
  3 worms
  5 adder zombies (Ossuary)
  2 orc skeletons
  A giant gecko (D:4)
  6 orcs
  9 bats
  A bat zombie (D:7)
  6 gnoll zombies (Ossuary)
  8 hobgoblins
  6 jackals
  2 quokkas
  A giant gecko skeleton (D:6)
  4 goblins
  5 hobgoblin zombies (Ossuary)
  11 kobolds
  5 kobold zombies (Ossuary)
  7 orc zombies (Ossuary)
  A quokka zombie (D:4)
  12 rats
  2 rat skeletons
  A rat zombie (D:4)
  3 ballistomycetes (D:6)
212 creatures vanquished.

Vanquished Creatures (others)
  A giant spore (D:6)
1 creature vanquished.

Grand Total: 213 creatures vanquished

Notes
Turn   | Place    | Note
--------------------------------------------------------------
     0 | D:1      | Rage, the Felid Berserker, began the quest for the Orb.
     0 | D:1      | Reached XP level 1. HP: 10/10 MP: 2/2
   391 | D:1      | Reached XP level 2. HP: 11/14 MP: 3/3
   587 | D:3      | Reached XP level 3. HP: 17/17 MP: 5/5
   589 | D:3      | Acquired Trog's second power
   650 | D:4      | Found a staircase to the Ecumenical Temple.
   650 | D:4      | Found an iron altar of Okawaru.
   661 | D:4      | HP: 1/25 [bat (1)]
   668 | D:4      | Reached skill level 5 in Dodging
   668 | D:4      | Reached XP level 4. HP: 4/21 MP: 7/7
   711 | D:4      | Found a sand-covered staircase.
   731 | Ossuary  | Entered an ossuary
   857 | Ossuary  | Reached skill level 5 in Unarmed Combat
   878 | Ossuary  | Reached XP level 5. HP: 17/24 MP: 8/8
   963 | Ossuary  | Reached skill level 6 in Dodging
   963 | Ossuary  | Gained mutation: You are covered in thick fur (AC +2). [growing up]
   963 | Ossuary  | Gained mutation: You can jump attack at a medium distance. [growing up]
   963 | Ossuary  | Reached XP level 6. HP: 9/28 MP: 10/10
  1090 | D:5      | Entered Level 5 of the Dungeon
  1090 | D:5      | Found a bloodstained altar of Trog.
  1154 | D:5      | Found Shocik's Book Shoppe.
  1156 | D:5      | Noticed Edmund
  1175 | D:5      | Killed Edmund
  1314 | D:6      | Reached XP level 7. HP: 18/31 MP: 12/12
  1356 | D:6      | Found Nezokkeff's Book Shoppe.
  1402 | D:6      | Reached skill level 7 in Dodging
  1564 | D:6      | Paralysed by a potion of paralysis for 7 turns
  1733 | D:6      | Reached skill level 8 in Unarmed Combat
  1750 | D:6      | Found a white marble altar of Elyvilon.
  1773 | D:7      | Noticed Ijyb
  1773 | D:7      | Noticed Joseph
  1786 | D:7      | Killed Ijyb
  1791 | D:7      | Killed Joseph
  1791 | D:7      | Reached skill level 9 in Unarmed Combat
  1791 | D:7      | Reached XP level 8. HP: 34/34 MP: 13/13
  2279 | D:8      | Reached skill level 10 in Unarmed Combat
  2326 | D:8      | Noticed a griffon
  2330 | D:8      | Noticed a polar bear
  2330 | D:8      | Noticed a griffon
  2330 | D:8      | Noticed a polar bear
  2331 | D:8      | Noticed a griffon
  2331 | D:8      | Noticed a polar bear
  2331 | D:8      | Noticed a polar bear
  2337 | D:8      | Found Tradiki's Weapon Shop.
  2384 | D:8      | Found a shimmering altar of Xom.
  2389 | D:8      | Noticed a two-headed ogre
  2402 | D:8      | Killed a two-headed ogre
  2402 | D:8      | Reached XP level 9. HP: 37/37 MP: 15/15
  2408 | D:8      | Got a faintly glowing sling
  2444 | D:8      | Found a snail-covered altar of Cheibriados.
  2614 | D:9      | Got a brightly glowing robe
  2672 | D:9      | Found a blossoming altar of Fedhas.
  2738 | D:9      | Reached skill level 10 in Dodging
  2787 | D:10     | Entered Level 10 of the Dungeon
  2924 | D:9      | Reached skill level 11 in Unarmed Combat
  2961 | D:9      | Gained mutation: Your body is slowly deteriorating. [mutagenic meat]
  2962 | D:9      | Gained mutation: You have an increased reservoir of magic (+10% MP). [mutagenic meat]
  2963 | D:9      | Gained mutation: You are dopey. (Int -2) [mutagenic meat]
  3013 | D:9      | Reached skill level 12 in Unarmed Combat
  3013 | D:9      | Reached XP level 10. HP: 42/42 MP: 18/18
  3033 | D:9      | Noticed a kobold demonologist
  3033 | D:9      | Noticed a kobold demonologist
  3040 | D:9      | Noticed a sixfirhy
  3048 | D:9      | Killed a kobold demonologist
  3064 | D:9      | Acquired Trog's third power
  3107 | D:9      | Noticed a sixfirhy
  3111 | D:9      | Noticed a sixfirhy
  3111 | D:9      | Mangled by a sixfirhy
  3112 | D:9      | Reached XP level 9. HP: -7/55 MP: 16/16
  3255 | D:10     | Slain by a killer bee
  3256 | D:10     | Reached XP level 8. HP: -2/51 MP: 14/14
  3346 | D:10     | Reached skill level 13 in Unarmed Combat
  3346 | D:10     | Reached XP level 9. HP: 32/37 MP: 16/16
  3398 | D:10     | Found a staircase to the Lair.
  3407 | D:11     | Noticed a seven-headed hydra
  3648 | D:10     | Slain by a shark

Action                   |  1- 3 |  4- 6 |  7- 9 | 10-12 || total
-------------------------+-------+-------+-------+-------++-------
Melee: Unarmed           |    68 |   233 |   459 |    47 ||   807
Invok: Berserk           |     2 |     3 |    15 |     1 ||    21
       Trog's Hand       |     1 |     4 |    12 |     1 ||    18
Evoke: Wand              |       |       |     3 |       ||     3
  Use: Potion            |       |     1 |    11 |       ||    12
       Scroll            |       |       |    12 |       ||    12
 Stab: Sleeping          |     1 |     1 |     1 |       ||     3
